 Dungeon Sprint DCSS version 0.19.1 (webtiles) character file.

219 KingBobo974 the Covert (level 5, -8/36 HPs)
             Began as an Octopode Assassin on Dec 17, 2016.
             Was an Initiate of Dithmenos.
             Mangled by a war axe of freezing (9 damage)
             ... in the Dungeon (Sprint V: "Ziggurat Sprint").
             The game lasted 00:04:35 (262 turns).

KingBobo974 the Covert (Octopode Assassin)           Turns: 262, Time: 00:04:35

Health: -8/36      AC:  1    Str: 22    XL:     5   Next: 96%
Magic:  7/7        EV: 14    Int: 25    God:    Dithmenos [......]
Gold:   0          SH:  0    Dex: 27    Spells: 0 memorised, 4 levels left

rFire  . . .     SeeInvis .     M - +9 sword of Zonguldrok {reap}
rCold  . . .     Gourm    .     (no shield)
rNeg   . . .     Faith    .     (helmet restricted)
rPois  .         Spirit   .     (no amulet)
rElec  .         Reflect  .     I - +6 ring of strength
rCorr  .         Harm     .     J - +6 ring of strength
MR     .....     NoTele   +     E - +6 ring of dexterity
Stlth  +++++++...               F - +6 ring of dexterity
                                G - +6 ring of intelligence
                                H - +6 ring of intelligence
                                (no ring)
                                (no ring)

@: no status effects
A: almost no armour, stealthy swim, amphibious, 8 rings, constrict 8, camouflage
1, gelatinous body 1
a: Renounce Religion


You were in the Dungeon.
You worshipped Dithmenos.
Dithmenos was noncommittal.
You were not hungry.

You visited 1 branch

Inventory:

Hand Weapons
 a - a +2 dagger
 b - a +0 blowgun
 L - the +1 sword of Power
   (You found it in the Dungeon)
 M - the +9 sword of Zonguldrok (weapon) {reap}
   (You found it in the Dungeon)

   If a monster killed with it leaves a corpse in good enough shape, the corpse
   will be animated as a zombie friendly to the killer.
Missiles
 c - 8 poisoned needles
 d - 2 curare-tipped needles
Jewellery
 E - a +6 ring of dexterity (on tentacle)
 F - a +6 ring of dexterity (on tentacle)
 G - a +6 ring of intelligence (on tentacle)
 H - a +6 ring of intelligence (on tentacle)
 I - a +6 ring of strength (left tentacle)
 J - a +6 ring of strength (right tentacle)
 K - an uncursed ring of flight
Wands
 y - a wand of disintegration (7/24)
 B - a wand of iceblast (5/15)
 C - a wand of lightning (5/15)
 D - a wand of acid (5/15)
Scrolls
 k - 4 scrolls of blinking
 n - 4 scrolls of amnesia
 o - 3 scrolls of recharging
 p - 7 scrolls of fog
 q - a scroll of holy word
 r - 5 scrolls of identify
 s - 5 scrolls of remove curse
 t - 2 scrolls of fear
Potions
 e - 9 potions of curing
 g - 10 potions of heal wounds
 h - 6 potions of haste
 i - 7 potions of magic
 j - 3 potions of berserk rage
 u - 2 potions of brilliance
 v - 2 potions of invisibility
 w - 4 potions of resistance
 z - 5 potions of agility
 A - 5 potions of might
Comestibles
 f - 5 bread rations
 l - 42 fruits
 m - 4 meat rations


   Skills:
 + Level 3.4 Fighting
 + Level 5.2(5.9) Short Blades
 + Level 4.0(5.2) Long Blades
 + Level 3.8 Throwing
 + Level 1.4 Dodging
 + Level 13.5 Stealth
 + Level 2.7 Evocations


You had 4 spell levels left.
You didn't know any spells.

Dungeon Overview and Level Annotations

Branches:
Dungeon (1/1)

Altars:
Ashenzari
Cheibriados
Dithmenos
Elyvilon
Fedhas
Gozag
Hepliaklqana
Kikubaaqudgha
Makhleb
Nemelex Xobeh
Okawaru
Qazlal
Ru
Sif Muna
Trog
Uskayaw
Vehumet
Xom
Yredelemnul
Zin
The Shining One
Beogh
Jiyva
Lugonu


Innate Abilities, Weirdness & Mutations

You cannot wear most types of armour.
You are very stealthy in the water. (Stealth+)
You are amphibious.
You can wear up to eight rings at the same time.
You can use your tentacles to constrict eight enemies at once.
Your skin changes colour to match your surroundings (Stealth+).
Your rubbery body absorbs attacks. (AC +1, EV +1)


Message History

You see here a crystal ball of energy.
You feel better.
You start resting.
Unknown command.
You start resting.
HP restored.
Your surroundings seem different!
Welcome to arena 2. 2 dancing weapons and an air elemental come into view.
There is a war axe of venom.
There is a war axe of freezing.
Found three items.
You miss the war axe of venom. You grab the war axe of venom.
You squeeze the war axe of venom, but do no damage.
You constrict the war axe of venom. The war axe of venom misses you.
You riposte.
You slash the war axe of venom!
The war axe of venom is severely damaged.
The air elemental hits you! The war axe of freezing hits you!!
Ouch! That really hurt!
* * * LOW HITPOINT WARNING * * *
The war axe of freezing freezes you!
You die...

▓▓▓▓▓▓▓▓▓▓▓▓▓
▓.8©8.▓.8©8.▓
▓.)|}.▓.....▓
▓.E((.▓.}Z|.▓
▓..@..▓.....▓
▓.....▓.....▓
▓.....▓.....▓
▓.....▓▓▓▓▓▓▓
▓▓▓▓▓▓▓


You could see an air elemental and 2 dancing weapons.

Vanquished Creatures
  A naga (D)
  A water moccasin (D)
2 creatures vanquished.

Notes
Turn   | Place    | Note
-------+----------+-------------------------------------------
     0 | D        | KingBobo974 the Octopode Assassin began the quest for the Orb.
     0 | D        | Reached XP level 1. HP: 14/14 MP: 1/1
     2 | D        | Found a blossoming altar of Fedhas.
     3 | D        | Found a viscous altar of Jiyva.
     3 | D        | Found a hazy altar of Hepliaklqana.
     3 | D        | Found an opulent altar of Gozag.
     3 | D        | Found an ancient bone altar of Kikubaaqudgha.
     3 | D        | Found a corrupted altar of Lugonu.
     6 | D        | Found a burning altar of Makhleb.
     7 | D        | Found a sacrificial altar of Ru.
     7 | D        | Found a stormy altar of Qazlal.
     7 | D        | Found a deep blue altar of Sif Muna.
     7 | D        | Found an iron altar of Okawaru.
     7 | D        | Found a bloodstained altar of Trog.
     7 | D        | Found a sparkling altar of Nemelex Xobeh.
    34 | D        | Reached skill level 7 in Stealth
    34 | D        | Reached XP level 2. HP: 19/19 MP: 2/4
    55 | D        | Became a worshipper of Dithmenos the Shadowed
    78 | D        | Entered arena 1.
    78 | D        | Noticed a naga
    78 | D        | Noticed a water moccasin
    82 | D        | Killed a naga
    82 | D        | Reached skill level 11 in Stealth
    82 | D        | Reached XP level 3. HP: 15/26 MP: 5/5
    82 | D        | Reached XP level 4. HP: 18/31 MP: 6/6
    82 | D        | Reached XP level 5. HP: 20/36 MP: 7/7
    83 | D        | Killed a water moccasin
    83 | D        | Reached skill level 5 in Short Blades
    83 | D        | Reached skill level 13 in Stealth
   258 | D        | Entered arena 2.
   258 | D        | Noticed a war axe of venom
   258 | D        | Noticed an air elemental
   258 | D        | Noticed a war axe of freezing
   262 | D        | HP: 1/36 [war axe of freezing (22)]
   262 | D        | Mangled by a war axe of freezing

Skill      XL: |  1  2  3  4  5 |
---------------+----------------+-----
Short Blades   | 4 5 |  5.2
Long Blades    | 3 4 |  4.0
Stealth        | 7 11 13 | 13.5
Evocations     | 2 |  2.7
Fighting       | 3 |  3.4
Throwing       | 3 |  3.8
Dodging        | |  1.4

Action                   |  1- 3 |  4- 6 || total
-------------------------+-------+-------++-------
Melee: Double sword      |     2 |     2 ||     4
       Tentacles         |     1 |     3 ||     4
       Constrict         |       |     2 ||     2
  Use: Potion            |     1 |     1 ||     2
 Stab: Sleeping          |     1 |       ||     1
Dodge: Dodged            |       |     3 ||     3
       Rpst.: Double sword |       |     3 ||     3
